 Dungeon Crawl Stone Soup version 0.17-a0-1497-g03599f7 (webtiles) character file.

51 Parakulo the Chucker (level 3, 0/55 HPs)
             Began as an Ogre Hunter on July 6, 2015.
             Succumbed to an adder's poison
             ... on level 2 of the Dungeon.
             The game lasted 00:03:44 (833 turns).

Parakulo the Chucker (Ogre Hunter)                   Turns: 833, Time: 00:03:44

Health: 0/55       AC: 21    Str: 15 (17) XL:     3   Next: 81%
Magic:  3/3        EV:  1    Int: 10      God:
Gold:   123        SH:  0    Dex: 11      Spells: 0 memorised, 2 levels left

rFire  . . .     SeeInvis .     i - +0 mace
rCold  . . .     Clarity  .     (armour currently unavailable)
rNeg   + + +     SustAt   .     (no shield)
rPois  +         Gourm    +     (helmet currently unavailable)
rElec  .         Spirit   .     (cloak currently unavailable)
rCorr  .         Warding  .     (gloves unavailable)
rMut   .         NoTele   +     (boots unavailable)
MR     .....                    f - amulet of the gourmand
Stlth  ++........               (no ring)
                                (no ring)

@: lethally poisoned (0 -> -6), tree-form, not resistant to hostile
enchantments, unstealthy
A: unfitting armour, (tough skin 0)
a: no special abilities


You were on level 2 of the Dungeon.
You were not hungry.
You were a tree.
You visited 1 branch of the dungeon, and saw 2 of its levels.

You collected 123 gold pieces.

Inventory:

Hand weapons
 i - a +0 mace (weapon)
Missiles
 a - 4 large rocks (quivered)
 b - 2 throwing nets
Armour
 d - a +0 robe (melded)
Jewellery
 f - an amulet of the gourmand (around neck)
Scrolls
 c - a scroll of magic mapping
 g - 2 scrolls of identify
 l - a scroll of teleportation {unknown}
 m - a scroll of enchant weapon {unknown}
 o - a scroll of enchant armour {unknown}
Comestibles
 e - a bread ration
 n - a meat ration


   Skills:
 + Level 3.0 Fighting
 + Level 1.0 Maces & Flails
 + Level 5.6 Throwing
 - Level 1.7 Dodging
 - Level 0.7 Stealth


You had 2 spell levels left.
You didn't know any spells.

Dungeon Overview and Level Annotations

Branches:
Dungeon (2/15)

Altars:


Innate Abilities, Weirdness & Mutations

You are too large for most types of armour.
((You have tough skin (AC +1).))


Message History

* * * LOW HITPOINT WARNING * * *
The adder bites you.
* * * LOW HITPOINT WARNING * * *
Drink which item? (? for menu, Esc to quit)
You can't drink that!
Drink which item? (? for menu, Esc to quit)
You turn into a tree.
Your +0 robe melds into your body.
Your roots penetrate the ground.
* * * LOW HITPOINT WARNING * * *
You feel sick. The adder bites you but does no damage.
Unknown command.
You are too injured to fight recklessly!
You barely miss the adder.
The adder is moderately wounded.
* * * LOW HITPOINT WARNING * * *
You feel sick. The adder barely misses you.
The adder bites you but does no damage.
You miss the adder.
The adder is moderately wounded.
You die...

...........##.........# #.#**,**
......#.#####.#...##.## #..,,,,,
....#.#.# #.##.###.# ###***,*
...##.#.# #.##.# #.#******* *,*
#####.#.#####.##.###.#.?,,,,* *,*
****#.#..)......).......***,* *,*
,,,,#.#.#####.##.#####..***,***,*
***,#.#.# #....S......**,*,**,*
*,#.#.# #..#♣###,**,*,***,,,,
*,#.#.#####..#.# *,**,*,,*,**,*
*,#.#..........# *,**,*,*,***,*
*,#..........### *,**,*,*,***,*
*,#######..#.# *,**,*,,,,**,*
*,***####...##*******,*,***,*,*
*,*,,#..'...+,,*,,*,,,,** **,,*
*,*,,#..#...#,,*,,*,,,,* *,,*
****+*####...#****+****,** **,**


You could see an adder.

Vanquished Creatures
  Terence (D:2)
  A ball python (D:1)
  4 bats
  4 giant cockroaches (D:1)
  4 goblins
  3 jackals (D:1)
  A kobold (D:1)
  2 giant newts (D:1)
  5 rats (D:1)
25 creatures vanquished.

Notes
Turn   | Place    | Note
--------------------------------------------------------------
     0 | D:1      | Parakulo the Ogre Hunter began the quest for the Orb.
     0 | D:1      | Reached XP level 1. HP: 22/22 MP: 1/1
   123 | D:1      | Reached XP level 2. HP: 25/29 MP: 2/2
   153 | D:1      | Reached skill level 5 in Throwing
   571 | D:2      | Noticed Terence
   572 | D:2      | Killed Terence
   572 | D:2      | Reached skill level 1 in Maces & Flails
   572 | D:2      | Reached XP level 3. HP: 34/37 MP: 3/3
   831 | D:2      | HP: 2/55 [poisoned by an adder]
   833 | D:2      | Succumbed to an adder's poison

Vault maps used:
D:1:      dpeg_arrival_prison
D:2:      minmay_snake_closets, uniq_terence, uniq_jessica

Action                   || total
-------------------------++-------
Melee: Short sword       ||    12
       Mace              ||    62
Throw: Large rock        ||     9
  Use: Scroll            ||     5
       Potion            ||     2
 Stab: Sleeping          ||     2
